 Dungeon Crawl Stone Soup version 0.17.0-28-g6e173f8 (webtiles) character file.

9074 lorenzova the Destroyer (level 11, -7/54 HPs)
             Began as a Deep Elf Conjurer on Nov 30, 2015.
             Was a Priest of Vehumet.
             Shot with an arrow of frost by a tengu warrior (22 damage)
             ... on level 8 of the Dungeon.
             The game lasted 00:43:04 (14530 turns).

lorenzova the Destroyer (Deep Elf Conjurer)        Turns: 14530, Time: 00:43:04

Health: -7/54      AC:  3    Str:  5    XL:     11   Next: 18%
Magic:  0/29       EV: 13    Int: 27    God:    Vehumet [***...]
Gold:   634        SH:  0    Dex: 15    Spells: 11 memorised, 3 levels left

rFire  . . .     SeeInvis .     y - +1 short sword (venom)
rCold  . . .     Clarity  .     a - +0 robe
rNeg   . . .     SustAt   .     (no shield)
rPois  .         Gourm    .     (no helmet)
rElec  .         Spirit   +     (no cloak)
rCorr  .         Warding  .     E - +0 pair of gloves
rMut   .         Stasis   .     (no boots)
MR     +....                    p - amulet of guardian spirit
Stlth  ++........               (no ring)
                                l - +3 ring of intelligence

@: somewhat resistant to hostile enchantments, unstealthy
A: no striking features
a: Renounce Religion


You were on level 8 of the Dungeon.
You worshipped Vehumet.
Vehumet was most pleased with you.
You were not hungry.

You visited 2 branches of the dungeon, and saw 10 of its levels.
You also visited: Sewer.

You collected 634 gold pieces.

Inventory:

Hand Weapons
 y - a +1 short sword of venom (weapon)
Armour
 a - a +0 robe (worn)
 A - a cursed +0 buckler
 E - a +0 pair of gloves (worn)
Magical Staves
 I - an uncursed staff of poison
Jewellery
 l - a +3 ring of intelligence (left hand)
 o - an uncursed amulet of rage
 p - an amulet of guardian spirit (around neck)
Wands
 H - a wand of random effects (9)
Scrolls
 e - 2 scrolls of remove curse
 f - a scroll of blinking
 h - a scroll of magic mapping {unknown}
 i - 3 scrolls of fog {unknown}
 k - 2 scrolls of enchant armour {unknown}
 q - a scroll of noise {unknown}
 s - 5 scrolls of fear {unknown}
 u - 4 scrolls of recharging {unknown}
 v - 2 scrolls of teleportation {unknown}
 x - a scroll of immolation {unknown}
 B - 2 scrolls of enchant weapon {unknown}
 D - 2 scrolls of random uselessness {unknown}
Potions
 g - a potion of cancellation
 m - a potion of curing
 r - 6 potions of might
 t - 3 potions of flight
 w - 3 potions of heal wounds
 z - a potion of haste
 C - 2 potions of brilliance
 F - 3 potions of lignification {unknown}
 K - a potion of invisibility {unknown}
Books
 b - a book of Conjurations

   Spells                             Type                      Level
   a - Magic Dart                     Conjuration                  1
   b - Searing Ray                    Conjuration                  2
   c - Dazzling Spray                 Conjuration/Hexes            3
   d - Fulminant Prism                Conjuration/Hexes            4
   e - Iskenderun's Mystic Blast      Conjuration                  4
   f - Iskenderun's Battlesphere      Conjuration/Charms           5
 j - a book of Spatial Translocations

   Spells                             Type                      Level
   a - Apportation                    Translocation                1
   b - Blink                          Translocation                2
   c - Shroud of Golubria             Charms/Translocation         2
   d - Portal Projectile              Translocation                3
   e - Teleport Other                 Translocation                3
   f - Passage of Golubria            Translocation                4
 J - a book of Necromancy

   Spells                             Type                      Level
   a - Pain                           Necromancy                   1
   b - Animate Skeleton               Necromancy                   1
   c - Vampiric Draining              Necromancy                   3
   d - Regeneration                   Charms/Necromancy            3
   e - Animate Dead                   Necromancy                   4
   f - Control Undead                 Necromancy                   4
 L - a book of Flames

   Spells                             Type                      Level
   a - Flame Tongue                   Conjuration/Fire             1
   b - Throw Flame                    Conjuration/Fire             2
   c - Conjure Flame                  Conjuration/Fire             3
   d - Inner Flame                    Hexes/Fire                   3
   e - Sticky Flame                   Conjuration/Fire             4
   f - Fireball                       Conjuration/Fire             5
Comestibles
 c - 8 bread rations
 n - a meat ration
 G - 5 royal jellies


   Skills:
 - Level 2.4 Dodging
 - Level 2.4 Stealth
 * Level 12.7 Spellcasting
 - Level 14.5 Conjurations
 + Level 5.2 Translocations
 + Level 2.6 Poison Magic


You had 3 spell levels left.
You knew the following spells:

 Your Spells              Type           Power        Failure   Level  Hunger
a - Magic Dart            Conj           ####         0%          1    None
b - Iskenderun's Battles  Conj/Chrm      ######..     1%          5    ##.....
c - Conjure Flame         Conj/Fire      ######..     1%          3    None
d - Dazzling Spray        Conj/Hex       ######..     1%          3    None
e - Regeneration          Chrm/Necr      ###.......   12%         3    None
f - Mephitic Cloud        Conj/Pois/Air  #####...     1%          3    None
n - Blink                 Tloc           N/A          1%          2    None
s - Sticky Flame          Conj/Fire      ######..     1%          4    None
t - Teleport Other        Tloc           #####...     1%          3    None
x - Iskenderun's Mystic   Conj           #######.     1%          4    None
z - Flame Tongue          Conj/Fire      #####        1%          1    None


Dungeon Overview and Level Annotations

Branches:
Dungeon (9/15)             Temple (1/1) D:4
   Lair: D:8-11         Orc: D:9-12

Altars:
Ashenzari
Cheibriados
Dithmenos
Elyvilon
Fedhas
Gozag
Kikubaaqudgha
Makhleb
Nemelex Xobeh
Okawaru
Qazlal
Ru
Sif Muna
Trog
Vehumet
Xom
Yredelemnul
Zin
The Shining One


Message History

Confirm with . or Enter, or press ? or * to list all spells.
You don't have enough magic to cast that spell.
There are monsters nearby!
The tengu warrior shoots an arrow of frost.
The arrow of frost closely misses you.
Casting: Iskenderun's Mystic Blast
Confirm with . or Enter, or press ? or * to list all spells.
Aiming: Magic Dart
Press: ? - help, Shift-Dir - straight line, f/p - tengu warrior
Aim: a tengu warrior, wielding a longbow and wearing a leather armour (almost dead)
The magic dart hits the tengu warrior.
The tengu warrior is almost dead.
The tengu warrior shoots an arrow of frost.
The arrow of frost hits you!
* * * LOW HITPOINT WARNING * * *
The arrow of frost freezes you.
* * * LOW HITPOINT WARNING * * *
The tengu warrior shoots an arrow of frost.
The arrow of frost hits you!!
You die...

#######[## #†#...........##
#........# ##.#.........###.
#........####..#########.# #.
#.......................[# #.
#........####......#########.
#>.......# ##.####...........
#######.## #..# #######..##.
#.# #.## #.###. #.#
#@###########.###. #.#
#(..(.QR.......#.. #.#
########((.......# #.#
#§(......... ##.#
#.####..#...
#..##########(#....#####
##.###.......Q.....##
##..##..#####.####..#
##....#..#>.§..5§R#..#


You could see a tengu warrior and an efreet.

Vanquished Creatures
  Erolcha (D:8)
  A hydra (D:8)
  Pikel (D:6)
  A cyclops (D:8)
  Joseph (D:9)
  A queen bee (D:8)
  A troll (D:9)
  6 yaks (D:9)
  A wraith (D:8)
  Eustachio (D:4)
  Grum (D:9)
  4 wolves (D:9)
  An orc warrior (D:8)
  2 water moccasins
  An eye of draining (D:8)
  2 black bears
  3 slaves (D:6)
  A necrophage (D:8)
  A phantom (D:5)
  4 centaurs
  2 sky beasts
  6 ogres
  A big kobold (Sewer)
  4 giant frogs
  A scorpion (D:3)
  23 killer bees (D:8)
  3 giant frog zombies
  4 hounds
  4 crimson imps
  2 jellies
  A gnoll shaman (D:4)
  An iguana (D:8)
  2 giant frog skeletons
  2 orc priests
  7 worker ants
  3 orc wizards
  13 gnolls
  4 river rats
  15 adders
  3 shadow imps
  An ooze (D:4)
  2 adder zombies
  2 worms (D:2)
  3 adder skeletons
  5 giant geckos
  34 orcs
  9 goblins
  8 hobgoblins
  2 quokkas
  5 ball pythons
  7 bats
  6 giant cockroaches
  2 giant gecko skeletons
  3 giant newts
  5 jackals
  16 kobolds
  16 rats
262 creatures vanquished.

Vanquished Creatures (others)
  A manticore (D:8)
  A slime creature (D:8)
  An orc (D:6)
  A giant gecko skeleton (D:6)
4 creatures vanquished.

Grand Total: 266 creatures vanquished

Notes
Turn   | Place    | Note
--------------------------------------------------------------
     0 | D:1      | lorenzova the Deep Elf Conjurer began the quest for the Orb.
     0 | D:1      | Reached XP level 1. HP: 10/10 MP: 6/6
   280 | D:1      | Reached XP level 2. HP: 15/15 MP: 6/8
   562 | D:2      | Reached skill level 5 in Conjurations
  1051 | D:2      | Reached XP level 3. HP: 19/19 MP: 5/9
  1056 | D:2      | Learned a level 3 spell: Dazzling Spray
  1631 | D:3      | Reached XP level 4. HP: 24/24 MP: 7/12
  1637 | D:3      | Learned a level 4 spell: Iskenderun's Mystic Blast
  1642 | D:3      | Found a glowing drain.
  1819 | Sewer    | Entered a sewer
  1825 | Sewer    | Reached skill level 6 in Conjurations
  2122 | Sewer    | Noticed a big kobold
  2171 | Sewer    | Killed a big kobold
  2171 | Sewer    | Reached XP level 5. HP: 14/28 MP: 0/14
  2332 | Sewer    | Found a white marble altar of Elyvilon.
  2574 | D:3      | Reached skill level 5 in Spellcasting
  2948 | D:3      | Found a burning altar of Makhleb.
  2948 | D:3      | Found a glowing silver altar of Zin.
  2956 | D:3      | Noticed an angel
  2956 | D:3      | Noticed a blizzard demon
  3055 | D:3      | Noticed a scorpion
  3063 | D:3      | Killed a scorpion
  3063 | D:3      | Reached skill level 7 in Conjurations
  3063 | D:3      | Reached XP level 6. HP: 32/32 MP: 5/16
  3261 | D:3      | Found a faded altar to an unknown god.
  3668 | D:4      | Noticed Eustachio
  3964 | D:4      | Found an iron altar of Okawaru.
  4091 | D:4      | Killed Eustachio
  4091 | D:4      | Reached skill level 8 in Conjurations
  4091 | D:4      | Reached XP level 7. HP: 36/36 MP: 0/18
  4200 | D:4      | Found a staircase to the Ecumenical Temple.
  4215 | Temple   | Entered the Ecumenical Temple
  4330 | D:4      | Found a glowing golden altar of the Shining One.
  4331 | D:4      | Found a shadowy altar of Dithmenos.
  4393 | D:4      | Found a stormy altar of Qazlal.
  5099 | D:4      | Reached skill level 9 in Conjurations
  5669 | D:5      | Entered Level 5 of the Dungeon
  5674 | D:5      | Found a basalt altar of Yredelemnul.
  6142 | D:5      | Reached XP level 8. HP: 41/41 MP: 11/21
  6334 | D:5      | Found a radiant altar of Vehumet.
  6528 | D:5      | Became a worshipper of Vehumet
  6921 | D:5      | Reached skill level 10 in Conjurations
  7168 | D:6      | Found an ancient bone altar of Kikubaaqudgha.
  7621 | D:6      | Noticed Pikel
  7796 | D:6      | Killed Pikel
  7796 | D:6      | Reached skill level 11 in Conjurations
  8196 | D:6      | Reached XP level 9. HP: 40/45 MP: 15/24
  8771 | D:7      | Found a sparkling altar of Nemelex Xobeh.
  8943 | D:7      | Reached * piety under Vehumet
  8943 | D:7      | Offered knowledge of Sting by Vehumet.
  9656 | D:7      | Learned a level 5 spell: Iskenderun's Battlesphere
  9794 | D:8      | Reached skill level 12 in Conjurations
  9880 | D:8      | Noticed Erolcha
  9912 | D:8      | Killed Erolcha
  9912 | D:8      | Reached skill level 10 in Spellcasting
 10108 | D:8      | Reached skill level 13 in Conjurations
 10621 | D:8      | Reached XP level 10. HP: 50/50 MP: 11/26
 10667 | D:8      | Reached ** piety under Vehumet
 10667 | D:8      | Offered knowledge of Throw Flame by Vehumet.
 10876 | D:8      | HP: 2/50 [poisoned by a killer bee]
 10883 | D:8      | HP: 1/50 [poisoned by a killer bee]
 11105 | D:8      | Found a bloodstained altar of Trog.
 11459 | D:8      | Killed a manticore
 11489 | D:8      | Noticed an efreet
 11491 | D:8      | Noticed a four-headed hydra
 11491 | D:8      | Noticed a tengu warrior
 11503 | D:8      | Noticed a cyclops
 11682 | D:8      | level 8 loot
 12270 | D:9      | Learned a level 2 spell: Blink
 12274 | D:9      | Learned a level 3 spell: Regeneration
 12278 | D:9      | Learned a level 3 spell: Teleport Other
 12313 | D:9      | Noticed Joseph
 12320 | D:9      | Killed Joseph
 12320 | D:9      | Reached skill level 14 in Conjurations
 12320 | D:9      | Reached skill level 1 in Translocations
 12345 | D:9      | Learned a level 1 spell: Flame Tongue
 12349 | D:9      | Learned a level 3 spell: Conjure Flame
 12354 | D:9      | Learned a level 4 spell: Sticky Flame
 13104 | D:9      | Offered knowledge of Mephitic Cloud by Vehumet.
 13182 | D:9      | Found a sacrificial altar of Ru.
 13311 | D:9      | Noticed Grum
 13359 | D:8      | Learned a level 3 spell: Mephitic Cloud
 13936 | D:9      | Reached skill level 1 in Poison Magic
 14121 | D:9      | Killed Grum
 14121 | D:9      | Reached XP level 11. HP: 54/54 MP: 19/29
 14291 | D:8      | Reached *** piety under Vehumet
 14299 | D:8      | Killed a cyclops
 14450 | D:8      | Killed a four-headed hydra
 14450 | D:8      | Reached skill level 5 in Translocations
 14530 | D:8      | Shot with an arrow of frost by a tengu warrior

Action                   |  1- 3 |  4- 6 |  7- 9 | 10-12 || total
-------------------------+-------+-------+-------+-------++-------
Melee: Dagger            |       |    19 |       |       ||    19
       Short sword       |       |     3 |    28 |     3 ||    34
 Cast: Magic Dart        |    72 |   129 |   332 |    82 ||   615
       Dazzling Spray    |     2 |    10 |    26 |     4 ||    42
       Iskenderun's Myst |       |     5 |    16 |    17 ||    38
       Iskenderun's Batt |       |       |     8 |    27 ||    35
       Flame Tongue      |       |       |       |    57 ||    57
       Sticky Flame      |       |       |       |     4 ||     4
Evoke: Wand              |       |       |       |     4 ||     4
  Use: Scroll            |       |     8 |     4 |     1 ||    13
       Potion            |       |     1 |     5 |     4 ||    10
 Stab: Sleeping          |       |     2 |       |       ||     2
  Eat: Chunk             |     2 |     6 |    10 |     8 ||    26
       Beef jerky        |       |     1 |       |       ||     1
       Meat ration       |       |       |     2 |       ||     2
       Pizza             |       |       |     1 |       ||     1
       Fruit             |       |       |       |     3 ||     3
       Royal jelly       |       |       |       |     2 ||     2
